 Dungeon Crawl Stone Soup version 0.16-a0-148-g3b84123 (webtiles) character file.

5973 Ratboiler the Cleaver (level 10, -5/65 HPs)
             Began as a Gargoyle Berserker on Aug 15, 2014.
             Was a High Priest of Trog.
             Killed from afar by a gargoyle (19 damage)
             ... with a stone arrow
             ... on Level 10 of the Dungeon on Aug 16, 2014.
             The game lasted 00:31:54 (10203 turns).

Ratboiler the Cleaver (Gargoyle Berserker)         Turns: 10203, Time: 00:31:54

HP  -5/65        AC 22     Str 22      XL: 10   Next: 84%
MP  10/10        EV  8     Int  7      God: Trog [*****.]
Gold 570         SH  0     Dex 14      Spells:  0 memorised,  9 levels left

rFire  . . .     SeeInvis .     a - +6 whip of Success {slash, Dex+2}
rCold  . . .     Clarity  +     F - +0 chain mail
rNeg   + . .     rCorr    .     (no shield)
rPois  +         rRot     +     V - +2 hat
rElec  +         Spirit   .     (no cloak)
SustAb +         Warding  .     q - +1 pair of gloves
rMut   .         Stasis   .     (no boots)
Gourm  .                        T - amulet of clarity
MR     .....                    R - ring of sustain abilities
                                (no ring)

@: exhausted, slowed, very slow, not resistant to hostile enchantments,
extremely unstealthy
A: negative energy resistance 1, electricity resistance, unbreathing,
petrification resistance, rot immunity, AC +7
a: Burn Spellbooks, Berserk, Trog's Hand, Brothers in Arms, Renounce Religion


You were on level 10 of the Dungeon.
You worshipped Trog.
Trog was extremely pleased with you.
You were hungry.

You visited 1 branch of the dungeon, and saw 10 of its levels.

You collected 570 gold pieces.

Inventory:

Hand weapons
 a - the +6 whip of Success (weapon) {slash, Dex+2}
   (You found it on level 4 of the Dungeon)

   It inflicts extra damage upon your enemies.
   It affects your dexterity (+2).
 b - a +0 blowgun
 t - a +0 war axe
 u - a +0 hand axe
 A - a cursed -1 shortbow
 M - a +0 hand axe of flaming
Missiles
 x - 9 sling bullets of flame
 B - 37 arrows
 E - 12 poisoned needles
 I - 5 poisoned tomahawks (quivered)
 X - 2 needles of frenzy
Armour
 q - a +1 pair of gloves (worn)
 F - a +0 chain mail (worn)
 O - a +0 large shield
 Q - a +0 plate armour
 V - a +2 hat (worn)
Magical devices
 C - a wand of polymorph (13)
 H - a wand of draining (4)
 K - a wand of confusion (6)
 N - a wand of enslavement (12)
 S - a wand of digging (12)
 W - a wand of paralysis (6)
Comestibles
 c - 7 bread rations
 l - a meat ration
 Z - a rotting chunk of hound flesh
Scrolls
 e - 7 scrolls of identify
 f - 2 scrolls of enchant weapon {unknown}
 h - 7 scrolls of remove curse
 j - a scroll of recharging {unknown}
 k - a scroll of noise {unknown}
 m - 3 scrolls of amnesia {unknown}
 n - 2 scrolls of fear {unknown}
 o - a scroll of blinking {unknown}
 y - a scroll of random uselessness {unknown}
 z - 3 scrolls of fog {unknown}
 G - 2 scrolls of enchant armour {unknown}
 J - 2 scrolls of immolation {unknown}
 Y - a scroll of torment {unknown}
Jewellery
 g - an uncursed amulet of warding
 L - an uncursed ring of fire
 P - an uncursed amulet of stasis
 R - a ring of sustain abilities (right hand)
 T - an amulet of clarity (around neck)
 U - an uncursed amulet of guardian spirit
Potions
 d - 3 potions of heal wounds {unknown}
 i - 4 potions of brilliance {unknown}
 p - 7 potions of curing {unknown}
 r - a potion of lignification {unknown}
 s - 2 potions of restore abilities {unknown}
 v - 2 potions of magic {unknown}
 w - 4 potions of poison {unknown}
 D - 2 potions of agility {unknown}


   Skills:
 + Level 8.6 Fighting
 * Level 9.6 Axes
 + Level 8.4 Armour
 + Level 6.0 Dodging


You had 9 spell levels left.
You didn't know any spells.

Dungeon Overview and Level Annotations

Branches:
Dungeon (10/15)            Temple (0/1) D:5             Orc (0/4) D:10
   Lair: D:8-11

Altars:
Ashenzari
Cheibriados
Dithmenos
Gozag
Kikubaaqudgha
Makhleb
Nemelex Xobeh
Okawaru
Qazlal
Trog
Yredelemnul


Innate Abilities, Weirdness & Mutations

You are resistant to torment.
You are immune to poison.
Your stone body is very resilient (AC +7).
You resist negative energy.
You are resistant to electric shocks.
You can survive without breathing.
You are immune to petrification.
You are immune to rotting.


Message History

Use which ability? (? or * to list)
Okay, then.
Drink which item? (? for menu, Esc to quit)
Okay, then.
Read which item? (? for menu, Esc to quit)
Okay, then.
Use which ability? (? or * to list)
A red film seems to cover your vision as you go berserk!
You feel yourself moving faster!
You feel mighty!
You feel somewhat more hungry. The gargoyle closely misses you.
You feel a strong urge to attack something.
You feel your anger subside.
You are no longer berserk.
You are exhausted.
You feel yourself slow down.
You are feeling hungry.
There is a stone staircase leading down here.
The gargoyle hurls a stone arrow at you.
The stone arrow hits you!
You die...

..........####..#...##
........................
..........#.......##...
....###..###....### .
.....##..# ##....##
......#..# ##....##
#........# #......
###......# ###...#..
###....###....@##
##...........##
#........9#...#
................#
....##...##..)....# ..#
#...#####...... # .....#
#...... .....# .......
.....# ......


You could see a gargoyle.

Vanquished Creatures
  A troll (D:9)
  3 slime creatures
  A hungry ghost (D:7)
  3 phantoms
  The ghost of therealpatrickswayze the Ruffian, an average VSIE (D:3)
  4 ogres
  3 ice beasts
  4 orc warriors
  2 necrophages
  2 sky beasts
  5 centaurs
  A big kobold (D:8)
  A komodo dragon zombie (D:10)
  5 giant frogs
  5 scorpions
  5 killer bees (D:10)
  A troll zombie (D:9)
  5 hounds
  A centaur zombie (D:6)
  3 crimson imps
  2 goliath beetles (D:6)
  A giant frog zombie (D:7)
  6 orc priests
  3 iguanas
  A centaur skeleton (D:9)
  A jelly (D:6)
  8 orc wizards
  2 worker ants
  A killer bee zombie (D:7)
  2 mummies
  A gnoll (D:7)
  2 orc zombies
  11 adders
  2 giant mites
  2 shadow imps (D:5)
  3 worms
  An iguana skeleton (D:6)
  7 giant geckos
  An ooze (D:3)
  23 orcs
  7 bats
  6 giant cockroaches
  11 hobgoblins
  18 jackals
  14 kobolds
  A ball python (D:3)
  5 giant newts
  10 goblins
  2 hobgoblin zombies
  3 kobold zombies
  3 orc skeletons
  21 rats
  A rat skeleton (D:4)
  A rat zombie (D:6)
239 creatures vanquished.

Vanquished Creatures (collateral kills)
  Gastronok (D:9)
1 creature vanquished.

Vanquished Creatures (others)
  A hobgoblin (D:5)
1 creature vanquished.

Grand Total: 241 creatures vanquished

Notes
Turn   | Place    | Note
--------------------------------------------------------------
     0 | D:1      | Ratboiler, the Gargoyle Berserker, began the quest for the Orb.
     0 | D:1      | Reached XP level 1. HP: 14/14 MP: 1/1
   301 | D:1      | Reached XP level 2. HP: 17/19 MP: 2/2
   491 | D:1      | Acquired Trog's second power
   768 | D:2      | Found a sparkling altar of Nemelex Xobeh.
   812 | D:2      | Reached XP level 3. HP: 19/23 MP: 3/3
   965 | D:2      | Found an ancient bone altar of Kikubaaqudgha.
  1036 | D:2      | Found a snail-covered altar of Cheibriados.
  1126 | D:2      | Reached XP level 4. HP: 12/29 MP: 4/4
  1512 | D:3      | Noticed therealpatrickswayze's ghost (average VSIE)
  1602 | D:3      | Found a basalt altar of Yredelemnul.
  1856 | D:3      | Killed therealpatrickswayze's ghost
  1856 | D:3      | Reached skill level 4 in Fighting
  1856 | D:3      | Reached XP level 5. HP: 33/33 MP: 5/5
  1942 | D:4      | Reached XP level 6. HP: 29/38 MP: 6/6
  1966 | D:4      | Noticed a moth of wrath
  1967 | D:4      | Found a bloodstained altar of Trog.
  2212 | D:4      | Got a dazzling whip
  2228 | D:4      | Identified the +6 whip of Success {slash, Dex+2} (You found it on level 4 of the Dungeon)
  2310 | D:4      | Found an iron altar of Okawaru.
  2449 | D:4      | Noticed a centaur
  2458 | D:4      | Killed a centaur
  2651 | D:4      | Noticed an ogre
  2668 | D:4      | Killed an ogre
  2668 | D:4      | Reached XP level 7. HP: 7/44 MP: 7/7
  2977 | D:4      | Acquired Trog's third power
  3344 | D:5      | Entered Level 5 of the Dungeon
  3463 | D:5      | Reached skill level 5 in Axes
  3519 | D:5      | Found a burning altar of Makhleb.
  3608 | D:5      | Reached skill level 5 in Fighting
  3946 | D:5      | Found a staircase to the Ecumenical Temple.
  4235 | D:6      | Reached XP level 8. HP: 39/50 MP: 8/8
  4283 | D:6      | Reached skill level 5 in Armour
  4853 | D:6      | Reached skill level 6 in Axes
  5192 | D:6      | Received a gift from Trog
  5546 | D:6      | Reached XP level 9. HP: 46/56 MP: 9/9
  5961 | D:7      | Reached skill level 7 in Axes
  7101 | D:7      | Found a stormy altar of Qazlal.
  7231 | D:8      | Found an opulent altar of Gozag.
  7487 | D:8      | Reached skill level 8 in Axes
  7487 | D:8      | Reached skill level 5 in Dodging
  8177 | D:9      | Reached XP level 10. HP: 61/63 MP: 10/10
  8219 | D:9      | Found a shadowy altar of Dithmenos.
  8921 | D:9      | Reached skill level 9 in Axes
  9072 | D:9      | Noticed Gastronok
  9091 | D:9      | Killed Gastronok
  9174 | D:9      | Found a shattered altar of Ashenzari.
  9369 | D:10     | Entered Level 10 of the Dungeon
 10021 | D:10     | Found a staircase to the Orcish Mines.
 10203 | D:10     | Killed from afar by a gargoyle

Action                   |  1- 3 |  4- 6 |  7- 9 | 10-12 || total
-------------------------+-------+-------+-------+-------++-------
Melee: Hand axe          |   126 |   113 |       |       ||   239
       Whip              |       |    40 |   482 |   206 ||   728
 Fire: Blowgun           |       |     5 |     9 |       ||    14
Throw: Tomahawk          |       |       |     1 |     1 ||     2
Invok: Berserk           |       |     1 |     5 |     5 ||    11
       Trog's Hand       |       |       |       |     1 ||     1
       Brothers in Arms  |       |       |       |     1 ||     1
Evoke: Wand              |       |       |     6 |     2 ||     8
  Use: Scroll            |       |     1 |     1 |       ||     2
 Stab: Sleeping          |     1 |       |       |       ||     1
       Distracted        |       |       |       |     1 ||     1
  Eat: Chunk             |       |     5 |    22 |     4 ||    31
       Beef jerky        |       |     1 |     1 |       ||     2
       Pizza             |       |       |       |     2 ||     2
       Meat ration       |       |       |       |     1 ||     1
